 Dungeon Crawl Stone Soup version 0.17-a0-1850-g688e747 (webtiles) character file.

32709 kae the Executioner (level 13, -1/122 HPs)
             Began as a Hill Orc Fighter on Sept 19, 2015.
             Was an Elder of Qazlal.
             Slain by a river rat (3 damage)
             ... on level 6 of the Lair of Beasts.
             The game lasted 00:19:17 (13110 turns).

kae the Executioner (Hill Orc Fighter)             Turns: 13110, Time: 00:19:18

Health: -1/122     AC: 11    Str: 24    XL:     13   Next: 66%
Magic:  28/31      EV: 10    Int:  8    God:    Qazlal [****..]
Gold:   855        SH:  5    Dex: 10    Spells: 0 memorised, 12 levels left

rFire  . . .     SeeInvis .     J - +3 battleaxe
rCold  . . .     Clarity  .     t - +0 ring mail "Kuxonar" {*Drain rN+ Regen+ Slay+5}
rNeg   + . .     SustAt   .     (no shield)
rPois  +         Gourm    .     V - +2 helmet
rElec  .         Spirit   .     (no cloak)
rCorr  .         Warding  .     D - +0 pair of gloves
rMut   .         Stasis   .     F - +0 pair of boots
MR     .....                    (no amulet)
Stlth  +.........               k - ring of magical power
                                M - ring of poison resistance

@: repel missiles, not resistant to hostile enchantments, very unstealthy
A: no striking features
a: Upheaval, Elemental Force, Renounce Religion


You were on level 6 of the Lair of Beasts.
You worshipped Qazlal.
Qazlal was greatly pleased with you.
You were not hungry.

You visited 2 branches of the dungeon, and saw 15 of its levels.
You also visited: Sewer.

You collected 855 gold pieces.

Inventory:

Hand weapons
 a - a +1 war axe
 s - a +3 war axe
 J - a +3 battleaxe (weapon)
Armour
 t - the +0 ring mail "Kuxonar" (worn) {*Drain rN+ Regen+ Slay+5}
   (You found it on level 5 of the Dungeon)

   It affects your accuracy and damage with ranged weapons and melee attacks
   (+5).
   It protects you from negative energy.
   It increases your rate of regeneration.
   It causes draining when unequipped.
 D - a +0 pair of gloves (worn)
 F - a +0 pair of boots (worn)
 V - a +2 helmet (worn)
Jewellery
 b - an uncursed ring of ice {unknown}
 k - a ring of magical power (right hand)
 G - an uncursed ring of stealth
 M - a ring of poison resistance (left hand)
 R - an uncursed ring of flight
Magical devices
 c - a wand of digging (7)
 d - a wand of frost (23)
 m - a wand of polymorph (13)
 E - a wand of magic darts (45)
 K - a wand of slowing (26)
 Q - a wand of teleportation (2)
 S - a wand of teleportation (3)
 T - a wand of slowing (29)
 W - a wand of cold (7)
 X - a wand of fire (10)
 Y - a wand of cold (3)
Scrolls
 g - 5 scrolls of teleportation
 l - 3 scrolls of enchant weapon
 q - 3 scrolls of magic mapping
 u - 6 scrolls of remove curse
 v - 3 scrolls of recharging
 I - 2 scrolls of identify
 O - a scroll of vulnerability
 P - a scroll of fog
 U - a scroll of enchant armour
Potions
 h - 8 potions of curing
 i - a potion of brilliance
 j - 2 potions of might
 o - 3 potions of flight
 w - a potion of beneficial mutation {unknown}
 x - a potion of mutation
 z - a potion of agility
 A - a potion of heal wounds
 C - 4 potions of haste
 N - a potion of ambrosia
Books
 y - a book of Necromancy

   Spells                             Type                      Level
   a - Pain                           Necromancy                   1
   b - Animate Skeleton               Necromancy                   1
   c - Vampiric Draining              Necromancy                   3
   d - Regeneration                   Charms/Necromancy            3
   e - Animate Dead                   Necromancy                   4
   f - Control Undead                 Necromancy                   4
 H - a book of Maledictions

   Spells                             Type                      Level
   a - Corona                         Hexes                        1
   b - Ensorcelled Hibernation        Hexes/Ice                    2
   c - Confuse                        Hexes                        3
   d - Tukima's Dance                 Hexes                        3
   e - Dazzling Spray                 Conjuration/Hexes            3
 L - a book of Enchantments

   Spells                             Type                      Level
   a - Cause Fear                     Hexes                        4
   b - Silence                        Hexes/Air                    5
   c - Deflect Missiles               Charms/Air                   6
   d - Haste                          Charms                       6
   e - Discord                        Hexes                        8
Comestibles
 e - 12 bread rations
 f - 2 royal jellies
 n - 8 fruits
 p - 3 slices of pizza
 r - 5 meat rations
 B - 4 beef jerkies
 Z - a chunk of flesh


   Skills:
 - Level 13.0 Fighting
 - Level 21.0 Axes
 - Level 3.2 Armour
   Level 3.2 Shields
 + Level 12.5 Invocations


You had 12 spell levels left.
You didn't know any spells.

Dungeon Overview and Level Annotations

Branches:
Dungeon (9/15)             Temple (0/1) D:7            Lair (6/8) D:8
  Swamp (0/4) Lair:3
  Snake: Lair:3-6    Spider: Lair:3-6     Slime: Lair:6-8       Orc: D:9-12

Altars:
Dithmenos
Nemelex Xobeh
Okawaru
Qazlal
Vehumet
Yredelemnul
Zin
The Shining One

Shops:
D:4 %


Message History

You closely miss the river rat.
A river rat comes into view.
You barely miss the river rat. You block the river rat's attack.
You hit the river rat but do no damage. You barely miss the hippogriff.
You are struck by the porcupine's spines.
* * * LOW HITPOINT WARNING * * *
You slash the porcupine!
The porcupine is severely wounded.
The porcupine bites you!
* * * LOW HITPOINT WARNING * * *
The hippogriff bites you but does no damage.
The hippogriff pecks you.
* * * LOW HITPOINT WARNING * * *
The hippogriff closely misses you. The porcupine bites you!
* * * LOW HITPOINT WARNING * * *
The river rat is engulfed in roaring flames.
You kill the river rat!
Qazlal accepts your kill. The river rat bites you.
You die...

.##.##...!....
.......>.#.P....
................
................. #
...#.....##......
#.####...§.P#.........
.#.PP§§§.....#PP......
......r<§§.#.#PP#.....
......H@r.......P.....
P....#.§............§.
#### #........#...#..F
#†...#.#.#§......
#.†#r..†††.†.......
...H†.†††..††.......##
....##.....††.......##
... #..............#
.. ..................


You could see a hippogriff, a porcupine and 2 river rats.

Vanquished Creatures
  Gastronok (Lair:1)
  A catoblepas (Lair:4)
  5 hydras
  A hill giant (D:9)
  2 oklob plants
  3 griffons (Lair:4)
  A hornet (shapeshifter) (D:9)
  4 black mambas
  The ghost of kae the Poker, an experienced NaFi (D:4)
  6 elephants (Lair:3)
  9 spiny frogs
  A fire drake (Lair:2)
  6 komodo dragons
  A troll (D:9)
  The ghost of kae the Frost Mage, an average MfIE of Vehumet (D:5)
  2 slime creatures (D:9)
  Sigmund (D:3)
  2 wyverns
  A hungry ghost (D:7)
  19 blink frogs
  6 hippogriffs
  2 basilisks
  29 yaks
  An orc warrior (D:8)
  3 phantoms
  2 sky beasts
  An ice beast (D:5)
  2 black bears
  9 water moccasins
  8 porcupines
  4 ogres
  8 crocodiles
  A centaur (D:7)
  A big kobold (D:9)
  Blork the orc (D:6)
  10 giant frogs
  A scorpion (D:5)
  3 wights (D:8)
  2 electric eels
  5 crimson imps
  A giant frog zombie (D:5)
  5 hounds
  4 jellies
  A centaur skeleton (D:6)
  6 orc wizards
  An orc priest (D:8)
  4 iguanas
  2 hell rats (Lair:3)
  7 worker ants
  13 sheep
  A killer bee zombie (D:7)
  3 worker ant zombies
  13 adders
  6 gnolls (D:2)
  51 river rats
  3 shadow imps
  A white imp (D:4)
  2 adder zombies
  An ooze (D:4)
  2 worms
  An adder skeleton (D:5)
  8 giant geckos
  16 orcs
  3 ball pythons
  8 bats
  5 giant cockroaches
  10 goblins
  9 hobgoblins
  17 jackals
  13 kobolds
  5 quokkas
  11 giant newts
  A goblin skeleton (D:4)
  2 goblin zombies (D:4)
  A hobgoblin zombie (D:4)
  A jackal zombie (D:7)
  2 kobold skeletons
  3 kobold zombies (D:4)
  An orc skeleton (D:6)
  An orc zombie (D:4)
  A quokka skeleton (D:5)
  A quokka zombie (D:5)
  21 rats
  4 bushes
  12 fungi
  27 plants
478 creatures vanquished.

Vanquished Creatures (others)
  Erica (D:8)
  An orc priest (D:8)
  3 orcs
  4 fungi
  4 plants (Lair:3)
  5 toadstools (D:1)
18 creatures vanquished.

Grand Total: 496 creatures vanquished

Notes
Turn   | Place    | Note
--------------------------------------------------------------
     0 | D:1      | kae the Hill Orc Fighter began the quest for the Orb.
     0 | D:1      | Reached XP level 1. HP: 19/19 MP: 1/1
    52 | D:1      | Reached XP level 2. HP: 26/26 MP: 2/2
   156 | D:1      | Reached skill level 4 in Axes
   247 | D:1      | Reached XP level 3. HP: 25/31 MP: 3/3
   688 | D:1      | Reached skill level 5 in Axes
   963 | D:2      | Found a sparkling altar of Nemelex Xobeh.
   965 | D:2      | Found a basalt altar of Yredelemnul.
   968 | D:2      | Found a stormy altar of Qazlal.
   997 | D:2      | Reached XP level 4. HP: 31/39 MP: 4/4
  1056 | D:2      | Reached skill level 6 in Axes
  1064 | D:2      | Reached XP level 5. HP: 10/45 MP: 5/5
  1655 | D:2      | Reached skill level 7 in Axes
  1841 | D:2      | Became a worshipper of Qazlal Stormbringer
  1900 | D:3      | You fall through a shaft for 3 floors!
  1961 | D:5      | Entered Level 5 of the Dungeon
  2091 | D:5      | Reached skill level 8 in Axes
  2091 | D:5      | Reached XP level 6. HP: 48/51 MP: 6/6
  2105 | D:5      | Noticed a hippogriff
  2115 | D:5      | Killed a hippogriff
  2115 | D:5      | Reached skill level 9 in Axes
  2137 | D:5      | Noticed a phantom
  2165 | D:5      | Killed a phantom
  2165 | D:5      | Reached XP level 7. HP: 51/57 MP: 7/7
  2240 | D:5      | Noticed an ice beast
  2247 | D:5      | Killed an ice beast
  2247 | D:5      | Reached skill level 10 in Axes
  2258 | D:5      | Noticed kae's ghost (average MfIE)
  2260 | D:5      | Noticed an ogre
  2271 | D:5      | Killed kae's ghost
  2271 | D:5      | Reached skill level 11 in Axes
  2273 | D:5      | Killed an ogre
  2320 | D:5      | Reached XP level 8. HP: 34/64 MP: 8/8
  2438 | D:5      | Got a pitted ring mail
  2511 | D:5      | Acquired Qazlal's first power
  2511 | D:5      | Reached skill level 12 in Axes
  2539 | D:5      | Found a glowing drain.
  2547 | Sewer    | Entered a sewer
  2558 | Sewer    | Identified the cursed +0 ring mail "Kuxonar" {*Drain rN+ Regen+ Slay+5} (You found it on level 5 of the Dungeon)
  3205 | D:4      | Found Ziehabij's Food Boutique.
  3359 | D:4      | Found an iron altar of Okawaru.
  3443 | D:4      | Acquired Qazlal's second power
  3458 | D:4      | Noticed kae's ghost (experienced NaFi)
  3474 | D:4      | Killed kae's ghost
  3474 | D:4      | Reached skill level 13 in Axes
  3492 | D:4      | Found a glowing golden altar of the Shining One.
  3663 | D:4      | Reached skill level 14 in Axes
  3663 | D:4      | Reached XP level 9. HP: 55/70 MP: 9/9
  3850 | D:3      | Noticed Sigmund
  3858 | D:3      | Killed Sigmund
  3966 | D:3      | Acquired Qazlal's third power
  4202 | D:3      | Found a glowing golden altar of the Shining One.
  4300 | D:6      | Reached skill level 15 in Axes
  4404 | D:6      | Found a stormy altar of Qazlal.
  4408 | D:6      | Noticed Blork the orc
  4416 | D:6      | Killed Blork the orc
  5149 | D:7      | Found a staircase to the Ecumenical Temple.
  5271 | D:7      | Noticed a black bear
  5277 | D:7      | Killed a black bear
  5277 | D:7      | Reached skill level 16 in Axes
  5450 | D:8      | Found a staircase to the Lair.
  5459 | D:8      | Acquired Qazlal's fourth power
  5483 | D:8      | Reached XP level 10. HP: 77/77 MP: 10/10
  5589 | D:8      | Killed Erica
  5606 | D:8      | Reached skill level 17 in Axes
  5684 | D:8      | Found a radiant altar of Vehumet.
  5949 | D:9      | Noticed a hill giant
  5954 | D:9      | Killed a hill giant
  6013 | D:9      | Reached skill level 18 in Axes
  6117 | D:9      | Noticed a hornet
  6120 | D:9      | Paralysed by a hornet for 3 turns
  6127 | D:9      | Killed a hornet
  6127 | D:9      | HP: 1/77 [poisoned by a hornet]
  6249 | D:9      | Found a glowing silver altar of Zin.
  6841 | Lair:1   | Entered Level 1 of the Lair of Beasts
  6841 | Lair:1   | Noticed an oklob plant
  6853 | Lair:1   | Killed an oklob plant
  6853 | Lair:1   | Reached skill level 19 in Axes
  6887 | Lair:1   | Reached XP level 11. HP: 58/82 MP: 11/11
  6923 | Lair:1   | Noticed Gastronok
  6947 | Lair:1   | Killed Gastronok
  6947 | Lair:1   | Reached skill level 20 in Axes
  7624 | Lair:1   | Reached skill level 21 in Axes
  7695 | Lair:1   | Noticed a seven-headed hydra
  7702 | Lair:1   | Killed a seven-headed hydra
  7702 | Lair:1   | Reached skill level 1 in Invocations
  7800 | Lair:1   | Noticed an eight-headed hydra
  7852 | Lair:2   | Reached skill level 5 in Fighting
  8520 | Lair:2   | Reached XP level 12. HP: 62/97 MP: 14/14
  9442 | Lair:1   | Killed an eight-headed hydra
  9552 | Lair:3   | Noticed a six-headed hydra
  9554 | Lair:3   | Noticed a seven-headed hydra
  9556 | Lair:3   | Killed a six-headed hydra
  9556 | Lair:3   | Reached skill level 5 in Invocations
  9569 | Lair:3   | Found a staircase to the Swamp.
 10254 | Lair:3   | Killed a 12-headed hydra
 10254 | Lair:3   | Reached skill level 10 in Fighting
 10385 | Lair:3   | Found a shadowy altar of Dithmenos.
 10860 | Lair:4   | Found a radiant altar of Vehumet.
 10892 | Lair:4   | Noticed a catoblepas
 10906 | Lair:4   | HP: 1/111 [catoblepas (12)]
 10912 | Lair:4   | Reached XP level 13. HP: 36/117 MP: 19/19
 10916 | Lair:4   | Killed a catoblepas
 12273 | Lair:5   | Reached skill level 10 in Invocations
 13110 | Lair:6   | HP: 2/122 [porcupine (8)]
 13110 | Lair:6   | Slain by a river rat

Vault maps used:
D:1:      ldierk_walled_garden
D:2:      grunt_temple_overflow_open, first_bread
D:3:      tso_oasis_becter, uniq_sigmund
D:4:      lemuel_crystal_altar, serial_shops, shop,
          nicolae_tso_besieged_by_evil, uniq_crazy_yiuf_cottage
D:5:      lightli_sewer_entry_pipes
D:6:      hex_tiny, nicolae_qazlal_general_emergency, uniq_blork_the_orc
D:7:      minmay_temple_entry_junction
D:8:      fiery_altar_vehumet, dpeg_lair_monsters, uniq_erica
D:9:      minmay_ornate_pinched, old_standard_altar
Lair:1:   dpeg_stationary_puzzle, infiniplex_staircase_pool, uniq_gastronok
Lair:2:   portal_ice_cave_entry_pillars_02
Lair:3:   kennysheep_rathole, swamp_mist, serial_forest,
          infiniplex_forest_clump_C, infiniplex_forest_clump_tiny,
          infiniplex_forest_zigzag_2, infiniplex_forest_clump_C,
          infiniplex_forest_lined_3_way, infiniplex_forest_lined_2,
          infiniplex_forest_clump_curved, lab_entry_generic, lemuel_oklob_altar,
          serial_bayou_shore_b, infiniplex_staircase_pool_2
Lair:4:   serial_bayou_ford_a, lemuel_altar_in_water2, lemuel_fruit_tree,
          bh_autumn_forest_stairs
Lair:6:   minmay_snake_entry_guardpost_medium
Sewer:    sewer_co_cracked_pipes

Action                   |  1- 3 |  4- 6 |  7- 9 | 10-12 | 13-15 || total
-------------------------+-------+-------+-------+-------+-------++-------
Melee: War axe           |   127 |   123 |   352 |    23 |       ||   625
       Battleaxe         |       |       |       |   324 |   200 ||   524
Invok: Upheaval          |       |       |       |    14 |     5 ||    19
Evoke: Wand              |       |       |     5 |       |       ||     5
  Use: Potion            |       |       |     1 |     5 |       ||     6
       Scroll            |       |       |    20 |    10 |       ||    30
 Stab: Invisible         |       |       |       |     2 |       ||     2
       Petrified         |       |       |       |     2 |       ||     2
  Eat: Chunk             |       |     4 |     8 |    15 |     7 ||    34
       Fruit             |       |       |     1 |     2 |     1 ||     4
       Bread ration      |       |       |     1 |       |       ||     1
